 Dungeon Crawl Stone Soup version 0.31-a0-180-g519b7de00c (webtiles) character file.

Game seed: 4513770315583165001

8865 innerfire43 the Slicer (level 11, -4/76 (84) HPs)
             Began as a Demonspawn Monk on June 19, 2023.
             Was a Priest of Qazlal.
             Killed by vampiric draining
             ... invoked by Josephine
              (22 damage)
             ... on level 11 of the Dungeon.
             The game lasted 00:11:58 (8854 turns).

innerfire43 the Slicer (Demonspawn Monk)            Turns: 8854, Time: 00:12:02

HP:   -4/76 (84)    AC: 12    Str: 17    XL:     11   Next: 15%
MP:   11/11         EV: 16    Int: 11    God:    Qazlal [***...]
Gold: 655           SH: 22    Dex: 24    Spells: 10/10 levels left

rFire   . . .        P - +9 dagger "Arcanum" {freeze, Dex+3}
rCold   + . .        H - +0 tower shield
rNeg    . . .        x - +0 robe of the Weaver {rElec rC+ Will-}
rPois   .            (helmet unavailable)
rElec   +            (no cloak)
rCorr   .            s - +1 pair of gloves
SInv    .            j - +0 pair of boots
Will    .....        (no amulet)
Stlth   +            B - +4 ring of protection
HPRegen 0.32/turn    m - +6 ring of dexterity
MPRegen 0.12/turn

%: no passive effects
@: slowed, drained, very slow
A: horns 3, powered by pain 1, spiny 2, sharp scales 3
a: Renounce Religion, Upheaval, Elemental Force


You were on level 11 of the Dungeon.
You worshipped Qazlal.
Qazlal was most pleased with you.
You visited 2 branches of the dungeon, and saw 12 of its levels.

You collected 655 gold pieces.

Inventory:

Hand Weapons
 a - a +0 spear
 i - a +2 dagger of electrocution
 I - the +8 trishula "Condemnation" {holy, anguish, *Noise Fly rN+}
   (You found it on level 7 of the Dungeon)

   rN:        It protects you from negative energy.
   Fly:       It grants you flight.
   *Noise:    It may make noises in combat.
 P - the +9 dagger "Arcanum" (weapon) {freeze, Dex+3}
   (You found it on level 10 of the Dungeon)

   Dex:       It affects your dexterity (+3).
Missiles
 p - 2 throwing nets
Armour
 b - a +0 robe
 d - an orb of light
 j - a +0 pair of boots (worn)
 s - a +1 pair of gloves (worn)
 x - the +0 robe of the Weaver (worn) {rElec rC+ Will-}
   (You found it on level 4 of the Dungeon)

   rC:        It protects you from cold.
   rElec:     It insulates you from electricity.
   Will:      It decreases your willpower.
 H - a +0 tower shield (worn)
Jewellery
 e - a ring of fire
 m - a +6 ring of dexterity (right hand)
 q - a ring of ice
 B - a +4 ring of protection (left hand)
 G - a ring of positive energy
 K - a ring of protection from cold
Wands
 c - a wand of flame (9)
 u - a wand of mindburst (14)
 y - a wand of quicksilver (12)
 C - a wand of roots (1)
 D - a wand of paralysis (7)
 J - a wand of digging (1)
Scrolls
 f - a scroll of silence
 g - a scroll of poison
 k - 2 scrolls of amnesia
 l - 7 scrolls of identify
 r - a scroll of fog
 t - a scroll of vulnerability
 w - a scroll of teleportation
 L - a scroll of fear
 M - 2 scrolls of enchant weapon {unknown}
Potions
 h - 2 potions of curing
 n - a potion of brilliance {unknown}
 o - a potion of heal wounds {unknown}
 v - a potion of enlightenment {unknown}
 z - 2 potions of haste {unknown}
 A - a potion of might {unknown}
 E - a potion of degeneration {unknown}
 F - a potion of cancellation {unknown}
 N - a potion of resistance {unknown}
 O - a potion of mutation {unknown}


   Skills:
 + Level 7.2 Fighting
 * Level 10.7 Short Blades
 - Level 3.0 Polearms
 + Level 8.0 Dodging
 + Level 6.8 Shields


You had 10 spell levels left.
You didn't know any spells.
Your spell library contained the following spells:

 Spells                   Type           Power      Damage    Failure   Level
 Magic Dart               Conj           0%         1d3       95%         1
 Sandblast                Erth           0%         2d4       95%         1
 Slow                     Hex            0%         N/A       95%         1
 Call Imp                 Summ           0%         N/A       98%         2
 Passwall                 Tmut/Erth      0%         N/A       98%         2
 Confusing Touch          Hex            0%         N/A       100%        3
 Mephitic Cloud           Conj/Pois/Air  0%         N/A       100%        3
 Stone Arrow              Conj/Erth      0%         3d7       100%        3
 Vampiric Draining        Necr           0%         2d6       100%        3


Dungeon Overview and Level Annotations

Branches:
Dungeon (11/15)            Temple (1/1) D:4            Lair (0/5) D:10
    Orc: D:9-12

Altars:
Ashenzari
Cheibriados
Dithmenos
Fedhas
Gozag
Hepliaklqana
Kikubaaqudgha
Makhleb
Nemelex Xobeh
Qazlal
Ru
Sif Muna
Trog
Uskayaw
Vehumet
Wu Jian
Xom
Yredelemnul

Shops:
D:2 *   D:3 !

Annotations:
D:5 Blork the orc
D:11 Josephine


Innate Abilities, Weirdness & Mutations

You have a pair of large horns on your head.
You sometimes gain a little power by taking damage.
You are mostly covered in sharp spines.
You are completely covered in razor-sharp scales. (AC +3, Slay +3)


Message History

You closely miss the wraith.
The wraith is almost destroyed.
You block the wraith's attack. Josephine is struck by your spines.
Josephine completely misses you.
You hit the wraith but do no damage. You headbutt the wraith.
You destroy the wraith!
Qazlal accepts your kill. You block Josephine's attack.
The wraith is struck by your spines. The wraith barely misses you.
Josephine is struck by your spines. Josephine hits you but does no damage.
Your Dodging skill increases to level 8!
You hit Josephine but do no damage.
Josephine is heavily wounded.
The orc barely misses you. Josephine hits you with a +0 dagger.
You barely miss Josephine. You headbutt Josephine!
Josephine is heavily wounded.
You block the orc's attack.
Josephine points at you and mumbles some strange words.
The ghostly flame explodes!
The ghostly fireball engulfs you!!
You feel drained.
* * * LOW HITPOINT WARNING * * *
The ghostly fireball engulfs Josephine.
Josephine completely resists.
The ghostly fireball engulfs the wraith.
The wraith completely resists.
The ghostly fireball engulfs the wraith.
The wraith completely resists.
The ghostly fireball engulfs the orc!
The orc is drained!
The orc dies!
You block the wraith's attack.
You hear a roar!
It was a potion of curing.
You feel better. You block the wraith's attack. You block Josephine's attack.
The wraith hits you but does no damage.
You puncture Josephine! You freeze Josephine.
Josephine is almost dead.
The wraith hits you.
* * * LOW HITPOINT WARNING * * *
The wraith drains your vigour!
You feel as though you will be slow longer.
The wraith hits you but does no damage. Josephine draws life force from you!!
You die...

.... .... #...
..... #.........
##..#......
##..........
..#.#..?...
#@WW....#
##§@#..#.#
#).))$...#
###.))#.##...
#..........#
####<.........#
#.....#...≈≈≈≈.#
#.##..#...≈.....
#<#...#...≈≈≈≈##
#.#.#.#.......#


You could see Josephine and 2 wraiths.

Vanquished Creatures
  A two-headed ogre (D:9)
  A manticore (D:7)
  A gargoyle (D:10)
  A komodo dragon (D:10)
  A rime drake (D:10)
  A polar bear (D:10)
  A hornet (D:10)
  A wyvern (D:9)
  12 yaks
  A wraith (D:11)
  A shadow (D:10)
  2 acid dragons (D:8)
  A water moccasin (D:7)
  5 ice beasts
  A sky beast (D:7)
  3 orc warriors
  An ogre (D:4)
  3 wolves (D:10)
  4 centaurs
  A phantom (D:7)
  3 bullfrogs
  A kobold brigand (D:11)
  2 gnoll sergeants
  3 scorpions
  10 wights
  14 killer bees
  5 howler monkeys
  An electric eel (D:8)
  A crimson imp (D:3)
  A lava snake (D:8)
  A hound (D:3)
  2 jellies
  3 orc priests (D:7)
  An iguana (D:4)
  3 sleepcaps
  Terence (D:3)
  5 orc wizards
  10 gnolls
  7 adders
  2 white imps
  2 worms (D:2)
  A dart slug (D:1)
  23 orcs
  7 ball pythons
  2 bat zombies (D:8)
  7 endoplasms
  7 giant cockroaches
  11 goblins
  6 hobgoblins
  2 jackals (D:1)
  8 kobolds
  7 quokkas
  5 bats
  6 frilled lizards
  2 rats (D:2)
  A rat zombie (D:8)
216 creatures vanquished.

Vanquished Creatures (others)
  3 orcs (D:11)
  A kobold (D:11)
4 creatures vanquished.

Grand Total: 220 creatures vanquished

Notes
Turn   | Place    | Note
-------+----------+-------------------------------------------
     0 | D:1      | innerfire43 the Demonspawn Monk began the quest for the
                  | Orb.
     0 | D:1      | Reached XP level 1. HP: 18/18 MP: 1/1
   317 | D:1      | Gained mutation: You sometimes gain a little power by
                  | taking damage. [demonic ancestry]
   317 | D:1      | Reached XP level 2. HP: 24/24 MP: 2/2
  1116 | D:2      | Gained mutation: You are partially covered in sharp spines.
                  | [demonic ancestry]
  1116 | D:2      | Reached XP level 3. HP: 22/29 MP: 3/3
  1292 | D:2      | Reached skill level 1 in Short Blades
  1320 | D:2      | Gained mutation: You are partially covered in razor-sharp
                  | scales. (AC +1, Slay +1) [demonic ancestry]
  1320 | D:2      | Reached XP level 4. HP: 31/37 MP: 4/4
  1395 | D:2      | Found Urphaysau's General Store.
  1724 | D:3      | Found Doal Vessu's Distillery.
  1756 | D:3      | Noticed Terence
  1760 | D:3      | Killed Terence
  1912 | D:3      | Gained mutation: You are mostly covered in razor-sharp
                  | scales. (AC +2, Slay +2) [demonic ancestry]
  1912 | D:3      | Reached XP level 5. HP: 42/42 MP: 5/5
  2020 | D:3      | Found a shadowy altar of Dithmenos.
  2085 | D:3      | Found a sacrificial altar of Ru.
  2124 | D:3      | Reached skill level 2 in Short Blades
  2247 | D:3      | Found a hide-covered altar of Uskayaw.
  2325 | D:3      | Found a snail-covered altar of Cheibriados.
  2326 | D:3      | Found a shimmering blue altar of Sif Muna.
  2378 | D:3      | Found a shimmering altar of Xom.
  2379 | D:3      | Found a burning altar of Makhleb.
  2572 | D:4      | Noticed an ogre
  2576 | D:4      | Reached skill level 3 in Short Blades
  2576 | D:4      | Reached XP level 6. HP: 34/49 MP: 6/6
  2668 | D:4      | Found a staircase to the Ecumenical Temple.
  2716 | Temple   | Entered the Ecumenical Temple
  2938 | D:4      | Reached skill level 4 in Short Blades
  2941 | D:4      | Identified the +0 robe of the Weaver {rElec rC+ Will-}
  3070 | D:5      | Entered Level 5 of the Dungeon
  3078 | D:5      | Noticed Blork the orc
  3078 | D:5      | You fall into a shaft and drop 3 floors!
  3198 | D:7      | Noticed a water moccasin
  3202 | D:7      | Killed a water moccasin
  3203 | D:7      | Gained mutation: You have a pair of small horns on your
                  | head. [demonic ancestry]
  3203 | D:7      | Reached XP level 7. HP: 53/55 MP: 7/7
  3231 | D:7      | Reached skill level 5 in Short Blades
  3301 | D:7      | Reached skill level 5 in Dodging
  3327 | D:7      | Noticed a manticore
  3338 | D:7      | HP: 2/55 [manticore (6)]
  3341 | D:7      | Killed a manticore
  3342 | D:7      | Reached skill level 5 in Fighting
  3342 | D:7      | Reached skill level 6 in Short Blades
  3342 | D:7      | Gained mutation: You have a pair of horns on your head.
                  | [demonic ancestry]
  3342 | D:7      | Reached XP level 8. HP: 3/62 MP: 8/8
  3598 | D:7      | Found a radiant altar of Vehumet.
  3668 | D:6      | Reached skill level 7 in Short Blades
  3912 | D:6      | Found a stormy altar of Qazlal.
  3932 | D:6      | Became a worshipper of Qazlal Stormbringer
  3932 | D:6      | Reached * piety under Qazlal
  3932 | D:6      | Reached ** piety under Qazlal
  4003 | D:6      | Reached skill level 8 in Short Blades
  4010 | D:6      | Gained mutation: You have a pair of large horns on your
                  | head. [demonic ancestry]
  4010 | D:6      | Reached XP level 9. HP: 43/68 MP: 9/9
  4399 | D:6      | Found a basalt altar of Yredelemnul.
  4401 | D:6      | Noticed a profane servitor
  4418 | D:6      | Noticed an angel
  4531 | D:7      | Found a sparkling altar of Nemelex Xobeh.
  4705 | D:7      | Reached skill level 9 in Short Blades
  4753 | D:7      | Found a broken altar of Ashenzari.
  4938 | D:7      | Found the +8 trishula "Condemnation" {holy, anguish, *Noise
                  | Fly rN+}
  6056 | D:8      | Reached skill level 1 in Shields
  6381 | D:8      | Found a blossoming altar of Fedhas.
  6563 | D:8      | Found an opulent altar of Gozag.
  6836 | D:8      | Found an ancient bone altar of Kikubaaqudgha.
  7359 | D:9      | Gained mutation: You are mostly covered in sharp spines.
                  | [demonic ancestry]
  7359 | D:9      | Reached XP level 10. HP: 73/77 MP: 10/10
  7360 | D:9      | Reached skill level 10 in Short Blades
  7400 | D:9      | Reached *** piety under Qazlal
  7694 | D:9      | Noticed a two-headed ogre
  7706 | D:9      | Killed a two-headed ogre
  8075 | D:9      | Reached skill level 5 in Shields
  8171 | D:10     | Entered Level 10 of the Dungeon
  8295 | D:10     | Found a staircase to the Lair.
  8330 | D:10     | Gained mutation: You are completely covered in razor-sharp
                  | scales. (AC +3, Slay +3) [demonic ancestry]
  8330 | D:10     | Reached XP level 11. HP: 84/84 MP: 11/11
  8388 | D:10     | Found an ornate altar of the Wu Jian Council.
  8423 | D:10     | Found a bloodstained altar of Trog.
  8440 | D:10     | Identified the +9 dagger "Arcanum" {freeze, Dex+3}
  8837 | D:11     | Noticed Josephine
  8854 | D:11     | Killed from afar by Josephine

Illustrated notes

Levels and vault maps discovered:
D:1:      tarquinn_simple_flora_water_f, layout_basic
D:2:      layout_rooms, serial_shops, shop
D:3:      layout_loops_ring, grunt_temple_overflow_champion_of_chaos,
          grunt_dithmenos_smoke, lemuel_crystal_altar, nicolae_ru_awakened_eye,
          nicolae_overflow_hidden_temple, serial_shops, shop, minmay_bisected,
          uniq_terence
D:4:      layout_rooms, temple_doors_e, serial_glass, glass_columns_a,
          glass_columns_a, feat_on_display, grunt_ministairs_9, st_stairs_14
D:5:      layout_cave_pools, kennysheep_little_box, lemuel_round_altar,
          serial_shops, nicolae_lakefront_shop, serial_bayou_lagoon_a,
          roderic_serpentine_path, uniq_blork_the_orc
D:6:      layout_loops_cross, grunt_temple_overflow_holy_war,
          mainiacjoe_overflow_boulevard
D:7:      layout_layer_cave, mainiacjoe_overflow_tiny_flanked,
          mainiacjoe_overflow_alcove_1, overflow_temple_1_default,
          enter_bailey_4
D:8:      layout_loops_cross, pdpol_temple_overflow_zin_treasury_gozag_greed,
          kennysheep_mini_moat, lemuel_zombie_altar_kikubaaqudgha,
          kennysheep_donut, kennysheep_dice
D:9:      layout_basic, serial_curves, eino_curves_03, eino_curves_03,
          nicolae_benzene_ring, minivault_25_ag
D:10:     layout_cave_pools, bloody_trog, mainiacjoe_overflow_paths,
          hellmonk_lair_entry_icy
D:11:     layout_rooms, serial_rivers, chequers_serial_rivers_micro_b,
          chequers_serial_rivers_small_3, chequers_serial_rivers_micro_d,
          chequers_serial_rivers_micro_d, chequers_serial_rivers_micro_a,
          uniq_josephine, uniq_lodul
Temple:   ebering_the_one_and_only

Skill      XL: |  1  2  3  4  5  6  7  8  9 10 11 |
---------------+----------------------------------+-----
Dodging        | 3 4 5 6 7 8 |  8.0
Polearms       | 3 |  3.0
Short Blades   | 1 3 4 6 8 9 10 | 10.7
Fighting       | 4 5 6 7 |  7.2
Shields        | 2 6 |  6.8

Action                     |  1- 3 |  4- 6 |  7- 9 | 10-12 || total
---------------------------+-------+-------+-------+-------++-------
  Melee: Spear             |    70 |       |       |       ||    70
         Dagger            |    29 |    96 |   226 |   176 ||   527
         Headbutt          |       |       |    69 |    57 ||   126
    Use: Potion            |       |       |     1 |     1 ||     2
         Scroll            |       |       |    11 |       ||    11
 Armour: Robe              |     8 |    12 |    41 |    27 ||    88
  Dodge: Dodged            |    53 |    44 |   104 |    50 ||   251
  Block: Orb               |       |       |     5 |       ||     5
         Tower shield      |       |       |   104 |   184 ||   288

Table legend: (Time is in decaauts)
 A = Elapsed time spent in this place.
 B = Non-inter-level travel time spent in this place.
 C = Inter-level travel time spent in this place.
 D = Time resting spent in this place.
 E = Time spent auto-exploring this place.
 F = Levels seen in this place.
 G = Mean time per level.
                   A        B        C        D        E       F      G
               +--------+--------+--------+--------+--------+-----+--------+
         Total |   8764 |   8178 |    586 |    109 |   6757 |  12 |  730.3 |
       Dungeon |   8756 |   8170 |    586 |    109 |   6757 |  11 |  796.0 |
        Temple |      7 |      7 |      0 |      0 |      0 |   1 |    7.0 |
               +--------+--------+--------+--------+--------+-----+--------+

Top non-repeatable levels by time:
     D:7: 1796 daAuts
     D:8: 1376 daAuts
     D:9: 1115 daAuts
     D:1: 1057 daAuts
     D:3: 909 daAuts
     D:6: 752 daAuts
    D:10: 627 daAuts
     D:2: 593 daAuts
     D:4: 486 daAuts
    D:11: 34 daAuts
  Temple: 7 daAuts
     D:5: 7 daAuts
